Map: Flashback EE

Players

Granjaaa

  • Race: Protoss Protoss
  • League: Platinum
  • Spawn Location: 9:00

Emtodes

  • Race: Terran Terran
  • Spawn Location: 11:00

Benjoide

  • Race: Terran Terran
  • Spawn Location: 11:00

TATORREA

  • Race: Protoss Protoss
  • League: Gold
  • Spawn Location: 7:00

MrFercho

  • Race: Zerg Zerg
  • League: Gold
  • Spawn Location: 7:00

tigro

  • Race: Terran Terran
  • League: Bronze
  • Spawn Location: 7:00

VOD

Have the link to the VOD?

Description

Time

  • Played on: Aug. 19, 2020, 9:55 p.m.
  • Length: 6:15
Show
View Real Time Build Order
Export as new Build Order

Granjaaa Protoss 

Build Orders: 1 Gate Expand, Colossus Rush 

Get SALT Encoding   

  12  0:01  Probe (Chrono Boost)  
  13  0:13  Pylon  
  13  0:15  Probe (Chrono Boost)  
  14  0:27  Probe  
  15  0:34  Gateway  
  15  0:39  Probe  
  16  0:51  Assimilator, Probe  
  17  1:03  Probe (Chrono Boost)  
  18  1:14  Probe (Chrono Boost)  
  19  1:19  Probe (Chrono Boost)  
  19  1:22  Cybernetics Core  
  20  1:39  Nexus  
  20  1:41  Probe  
  21  1:48  Assimilator  
  21  1:53  Probe  
  22  2:02  Pylon  
  22  2:05  Warp Gate, Probe  
  23  2:20  Probe  
  24  2:30  Robotics Facility  
  24  2:32  Probe  
  25  2:42  Pylon  
  25  2:45  Probe  
  26  2:55  Probe  
  26  2:57  Probe  
  28  3:07  Probe  
  28  3:09  Probe  
  30  3:14  Robotics Facility  
  30  3:20  Robotics Bay  
  30  3:21  Probe x2  
  32  3:29  Forge  
  32  3:33  Immortal (Chrono Boost), Probe  
  32  3:34  Probe  
  38  3:42  Assimilator  
  38  3:45  Probe  
  38  3:46  Assimilator, Probe  
  40  3:57  Probe  
  40  3:58  Probe  
  40  4:02  Immortal  
  46  4:09  Probe  
  47  4:10  Probe  
  48  4:20  Extended Thermal Lance (Chrono Boost)  
  48  4:22  Probe x2  
  50  4:34  Probe  
  50  4:35  Probe  
  52  4:45  Pylon  
  52  4:47  Pylon, Probe x2  
  52  4:52  Pylon  
  54  4:56  Pylon  
  54  4:57  Pylon  
  54  4:59  Colossus (Chrono Boost)  
  54  5:02  Colossus (Chrono Boost)  
  66  5:17  Probe x2  
  66  5:20  Photon Cannon  
  68  5:24  Shield Battery  
  68  5:26  Photon Cannon  
  68  5:28  Shield Battery  
  68  5:29  Probe x2  
  68  5:30  Photon Cannon  
  68  5:32  Pylon  
Show
View Real Time Build Order
Export as new Build Order

Emtodes Terran 

Build Orders:  

Get SALT Encoding   

  12  0:01  SCV  
  13  0:13  SCV  
  14  0:19  Supply Depot  
  14  0:26  SCV  
  15  0:41  SCV  
  16  0:54  SCV  
  17  1:02  Refinery  
  17  1:06  SCV  
  17  1:10  Supply Depot  
  18  1:19  SCV  
  18  1:20  Barracks  
  19  1:28  Barracks  
  19  1:31  SCV  
  20  1:40  Barracks  
  20  1:45  SCV  
  21  1:57  SCV  
  22  2:08  Supply Depot  
  22  2:09  SCV  
  23  2:17  Barracks  
  23  2:20  Barracks Reactor  
  23  2:21  SCV  
  24  2:29  Barracks Reactor  
  24  2:34  SCV  
  25  2:41  Barracks Reactor  
  25  2:42  Barracks  
  25  2:46  SCV  
  25  2:51  Supply Depot  
  26  2:58  SCV  
  27  3:04  Barracks Reactor  
  27  3:09  Marine x2  
  27  3:10  Marine, SCV  
  27  3:11  Marine  
  32  3:18  Marine  
  33  3:20  Marine  
  33  3:22  SCV  
  35  3:31  Supply Depot  
  35  3:33  Marine  
  36  3:34  Marine, SCV  
  38  3:43  Marine x2  
  38  3:44  Marine  
  38  3:47  Marine  
  43  3:56  Orbital Command  
  43  3:58  Marine  
  43  3:59  Marine  
  44  4:03  Marine  
  45  4:10  Supply Depot, Marine  
  45  4:11  Marine  
  47  4:18  Marine x2  
  47  4:19  Marine  
  47  4:23  SCV  
  51  4:27  Marine  
  51  4:28  Marine  
  51  4:30  Marine  
  54  4:35  Marine x2  
  54  4:36  Marine  
  57  4:39  Marine  
  57  4:44  Marine  
  59  4:52  Supply Depot, Marine x3  
  60  4:54  Marine  
  63  5:13  Marine x8  
  71  5:20  Supply Depot  
  71  5:41  Marine x7  
  74  5:55  Marine x2  
Show
View Real Time Build Order
Export as new Build Order

Benjoide Terran 

Build Orders:  

Get SALT Encoding   

  12  0:01  SCV  
  13  0:28  SCV  
  13  0:32  Supply Depot  
  14  0:38  Refinery  
  14  0:41  SCV  
  14  0:42  Supply Depot  
  15  1:00  Barracks  
  15  1:09  Barracks  
  16  1:18  SCV  
  16  1:28  Engineering Bay  
  16  1:30  SCV  
  17  1:40  Refinery  
  17  1:47  SCV  
  18  1:50  Marine  
  19  2:07  Factory  
  19  2:11  Barracks Tech Lab  
  19  2:22  Bunker  
  19  2:39  Marine  
  20  2:53  Supply Depot  
  20  3:23  Siege Tank  
  23  3:36  Barracks Tech Lab  
  23  3:48  Barracks Reactor  
  23  3:56  Command Center  
  23  4:00  Starport  
  23  4:08  Marine  
  24  4:17  Combat Shield  
  24  4:26  Marine  
  25  4:34  Marine x2  
  25  4:37  Starport  
  27  4:41  SCV  
  27  4:44  Marine  
  29  4:47  Starport Tech Lab  
  29  4:53  SCV  
  30  5:04  Siege Tank  
  30  5:05  SCV  
  34  5:16  Starport Tech Lab  
  34  5:28  Fusion Core  
  34  5:30  SCV  
  34  5:35  SCV  
  36  5:42  SCV  
  34  5:54  SCV  
Show
View Real Time Build Order
Export as new Build Order

TATORREA Protoss 

Build Orders: Mass Adepts 

Get SALT Encoding   

  12  0:02  Probe  
  13  0:14  Probe  
  14  0:26  Probe  
  15  0:28  Pylon  
  15  0:46  Probe  
  16  0:54  Gateway  
  16  0:59  Probe  
  17  1:07  Assimilator  
  17  1:11  Probe  
  18  1:23  Probe (Chrono Boost)  
  19  1:25  Gateway  
  19  1:35  Probe (Chrono Boost)  
  20  1:40  Pylon  
  20  1:43  Pylon  
  20  1:47  Assimilator  
  20  1:53  Probe  
  21  1:57  Cybernetics Core  
  21  2:05  Probe  
  22  2:09  Gateway  
  22  2:17  Probe  
  23  2:29  Probe  
  24  2:34  Adept  
  24  2:35  Adept  
  28  2:43  Twilight Council  
  28  2:46  Gateway  
  28  2:51  Warp Gate  
  28  2:58  Adept  
  29  3:06  Adept  
  29  3:07  Adept  
  33  3:25  Resonating Glaives (Chrono Boost)  
  33  3:34  Adept  
  33  3:35  Adept  
  33  3:38  Adept  
  39  3:48  Pylon  
  39  3:54  Pylon  
  39  4:06  Adept  
  41  4:26  Nexus  
  41  4:45  Adept x4  
  49  4:50  Probe  
  50  5:02  Probe  
  51  5:14  Probe  
  52  5:26  Probe  
  47  5:39  Probe  
Show
View Real Time Build Order
Export as new Build Order

MrFercho Zerg 

Build Orders: Hatch First 

Get SALT Encoding   

  12  0:01  Drone  
  13  0:16  Overlord  
  13  0:20  Drone  
  14  0:46  Drone x2  
  14  0:49  Drone  
  17  0:59  Drone  
  18  1:04  Hatchery  
  17  1:12  Drone  
  17  1:13  Extractor  
  17  1:20  Spawning Pool  
  17  1:21  Drone  
  17  1:29  Drone  
  18  1:39  Drone  
  19  1:51  Drone  
  20  2:02  Overlord  
  20  2:18  Drone  
  20  2:19  Queen x2  
  20  2:21  Zergling x2  
  26  2:24  Zergling x2  
  26  2:29  Drone  
  28  2:33  Metabolic Boost  
  28  2:36  Overlord  
  28  2:38  Drone  
  29  2:46  Drone  
  29  2:49  Drone  
  31  2:55  Drone  
  31  2:57  Queen  
  34  3:03  Drone  
  35  3:08  Drone  
  36  3:13  Lair  
  36  3:14  Drone  
  36  3:19  Drone  
  38  3:39  Drone  
  39  3:41  Drone x2  
  39  3:42  Drone  
  42  3:54  Drone  
  43  3:56  Drone  
  43  3:59  Extractor  
  43  4:00  Extractor  
  42  4:13  Drone  
  42  4:14  Roach Warren, Drone  
  42  4:15  Overlord  
  42  4:16  Overlord x2  
  43  4:17  Overlord  
  43  4:27  Burrow  
  43  4:32  Pneumatized Carapace  
  43  4:35  Drone x4  
  47  4:54  Glial Reconstitution  
  47  4:57  Roach x3  
  47  4:58  Overlord x3  
  53  5:01  Zergling x2  
  54  5:15  Drone  
  54  5:16  Drone  
  56  5:25  Drone  
  56  5:26  Evolution Chamber, Drone x2  
  58  5:38  Hatchery  
  57  5:44  Roach  
  57  5:45  Roach x6  
Show
View Real Time Build Order
Export as new Build Order

tigro Terran 

Build Orders:  

Get SALT Encoding   

  12  0:14  SCV  
  13  0:24  Supply Depot  
  13  0:27  SCV  
  14  0:39  SCV  
  15  0:46  Supply Depot  
  15  0:49  Barracks  
  15  0:54  Refinery  
  15  0:55  SCV  
  16  1:07  SCV  
  17  1:19  SCV  
  18  1:30  Refinery  
  18  1:31  SCV  
  19  1:37  Marine  
  20  1:43  SCV  
  21  1:55  Marine, SCV  
  23  2:11  SCV  
  23  2:12  Factory  
  23  2:13  Marine  
  25  2:23  SCV  
  26  2:30  Marine  
  26  2:34  Engineering Bay  
  27  2:47  Orbital Command  
  27  2:48  Marine  
  28  2:56  Factory Tech Lab  
  28  3:09  Barracks Tech Lab  
  28  3:11  Command Center  
  28  3:14  Siege Tank  
  31  3:28  Terran Infantry Weapons Level 1  
  31  3:46  Combat Shield, Siege Tank  
  34  4:07  Missile Turret  
  34  4:25  Refinery  
  34  4:35  Missile Turret  
  34  4:42  SCV  
  35  4:54  SCV, Siege Tank  
  35  4:56  Missile Turret  
  39  5:06  Starport, SCV  
  40  5:18  SCV, Missile Turret  
  41  5:30  SCV  
  42  5:41  Missile Turret  
  42  5:43  SCV  
  40  5:55  SCV  
  38  6:12  Missile Turret  
Tags
 
Add a new tag
Caveats
  • Supply blocks, unpowered buildings, or Contaminate may cause inaccurate times.
  • Supply counts are checked every 10 seconds.